 Dungeon Crawl Stone Soup version 0.22-a0-603-gfc1114d (webtiles) character file.

1055 digijack the Sneak (level 8, -8/54 HPs)
             Began as an Octopode Warper on July 7, 2018.
             Was an Initiate of Wu Jian.
             Mangled by an orc warrior
             ... wielding a +0 short sword
              (20 damage)
             ... on level 6 of the Dungeon.
             The game lasted 00:37:26 (3162 turns).

digijack the Sneak (Octopode Warper)                Turns: 3162, Time: 00:37:27

Health: -8/54      AC:  3    Str:  9    XL:     8   Next: 26%
Magic:  14/14      EV: 19    Int: 15    God:    Wu Jian [......]
Gold:   472        SH:  0    Dex: 20    Spells: 15/15 levels left

rFire    x . .     SeeInvis .   k - +1 dagger (chaos)
rCold    + . .     Gourm    .   (no shield)
rNeg     . . .     Faith    .   (helmet restricted)
rPois    .         Spirit   .   (no amulet)
rElec    .         Reflect  .   b - ring of ice
rCorr    .         Harm     .   e - +2 ring of protection
MR       .....                  i - +3 ring of dexterity
Stlth    +++++.....             j - +3 ring of evasion
HPRegen  0.18/turn              (no ring)
MPRegen  0.14/turn              (no ring)
                                (no ring)
                                (no ring)

@: very slightly contaminated
A: almost no armour, stealthy swim, amphibious, 8 rings, constrict 8, camouflage
1, agile 2, screaming 1, weak 1, gelatinous body 1
a: Renounce Religion


You were on level 6 of the Dungeon.
You worshipped Wu Jian.
Wu Jian was noncommittal.
You were not hungry.

You visited 1 branch of the dungeon, and saw 5 of its levels.

You collected 487 gold pieces.
You paid 15 gold pieces to Gozag.

Inventory:

Hand Weapons
 k - a +1 dagger of chaos (weapon)
Missiles
 d - 5 tomahawks of dispersal (quivered)
 l - 3 steel tomahawks
 m - 2 tomahawks
Jewellery
 b - a ring of ice (left tentacle)
 e - a +2 ring of protection (right tentacle)
 i - a +3 ring of dexterity (on tentacle)
 j - a +3 ring of evasion (on tentacle)
Wands
 a - a wand of clouds (5)
 h - a wand of iceblast (11)
Scrolls
 g - 2 scrolls of remove curse
Comestibles
 f - 5 rations


   Skills:
 + Level 4.3 Fighting
 + Level 4.5 Short Blades
 - Level 1.0 Throwing
 + Level 4.6 Dodging
 + Level 6.7 Stealth
 + Level 4.0 Spellcasting
   Level 3.0 Translocations


You had 15 spell levels left.
You didn't know any spells.
Your spell library contained the following spells:

 Spells                   Type           Power        Failure   Level  Hunger
 Teleport Other           Tloc           ##......     16%         3    ###....
 Blink                    Tloc           N/A          8%          2    ##.....
 Passage of Golubria      Tloc           N/A          45%         4    ####...
 Shroud of Golubria       Chrm/Tloc      #.........   14%         2    ##.....
 Gell's Gravitas          Tloc           ##........   16%         3    ###....
 Lesser Beckoning         Tloc           ##........   16%         3    ###....


Dungeon Overview and Level Annotations

Branches:
Dungeon (4/15)             Temple (0/1) D:4

Altars:
Gozag
Okawaru
Ru
Trog
Uskayaw
Wu Jian
Xom


Innate Abilities, Weirdness & Mutations

You cannot wear most types of armour.
You are very stealthy in the water. (Stealth+)
You are amphibious.
You can wear up to eight rings at the same time.
You can use your tentacles to constrict eight enemies at once.
Your skin changes colour to match your surroundings (Stealth+).
Your rubbery body absorbs attacks. (AC +1, EV +1)
You are very agile. (Dex +4)
You occasionally shout uncontrollably at your foes.
You are weak. (Str -2)


Message History

The orc warrior rages.
You see here a howler monkey corpse.
The orc warrior closely misses you.
You hit the orc warrior but do no damage.
Your grab misses the orc warrior. The orc warrior closely misses you.
You closely miss the orc warrior. Your grab misses the orc warrior.
The orc warrior hits you with a short sword!!
* * * LOW HITPOINT WARNING * * *
The orc warrior misses you.
You hit the orc warrior but do no damage.
Your grab misses the orc warrior. The orc warrior closely misses you.
Blink to where?
Press: ? - help, Dir - move target cursor You are very lightly contaminated with residual magic.
As you read the scroll of blinking, it crumbles to dust.
The orc warrior rages.
Found a leather armour.
You hear a shout!
The orc warrior hits you with a short sword!!
You die...

#....#.#..#
#.S.......
#.......###
#.g.......#
##...#..#..
#..........
#..........
#.....o.#####.#
###.###@....[..
#...........#
#############


You could see an orc warrior (berserk), a gnoll and an adder (wandering).

Vanquished Creatures
  Grinder (D:4)
  2 ogres
  A scorpion (D:4)
  A howler monkey (D:6)
  4 crimson imps (D:3)
  A hound (D:4)
  An orc priest (D:4)
  Ijyb (D:4)
  Terence (D:3)
  2 orc wizards (D:4)
  2 worker ants (D:4)
  2 hound skeletons (D:4)
  9 gnolls
  3 adders (D:2)
  2 oozes
  4 worms
  2 dart slugs
  5 leopard geckos
  11 orcs
  16 giant cockroaches
  2 hobgoblins
  6 bats
  3 frilled lizards
  9 goblins
  3 kobolds
  8 rats
102 creatures vanquished.

Notes
Turn   | Place    | Note
-------+----------+-------------------------------------------
     0 | D:1      | digijack the Octopode Warper began the quest for the Orb.
     0 | D:1      | Reached XP level 1. HP: 14/14 MP: 3/3
   127 | D:1      | Reached XP level 2. HP: 19/19 MP: 5/5
   135 | D:1      | Found an iron altar of Okawaru.
   194 | D:1      | Reached skill level 1 in Stealth
   655 | D:1      | Reached XP level 3. HP: 24/24 MP: 6/6
   852 | D:2      | Reached skill level 2 in Stealth
   920 | D:2      | Found an iron altar of Okawaru.
   929 | D:2      | Found an opulent altar of Gozag.
   942 | D:2      | Found a bloodstained altar of Trog.
   945 | D:2      | Found a hide-covered altar of Uskayaw.
  1060 | D:2      | Reached XP level 4. HP: 12/30 MP: 7/7
  1389 | D:3      | Reached skill level 3 in Stealth
  1393 | D:3      | Reached XP level 5. HP: 35/35 MP: 8/8
  1521 | D:2      | Became a worshipper of Gozag Ym Sagoz the Greedy
  1808 | D:3      | Noticed an ogre
  1816 | D:3      | Killed an ogre
  1816 | D:3      | Reached skill level 4 in Stealth
  1816 | D:3      | Reached XP level 6. HP: 25/42 MP: 8/10
  2083 | D:3      | Found a shimmering altar of Xom.
  2131 | D:3      | Reached skill level 5 in Stealth
  2436 | D:3      | Noticed Terence
  2446 | D:3      | Killed Terence
  2446 | D:3      | Reached XP level 7. HP: 45/46 MP: 11/11
  2503 | D:4      | Gained mutation: You occasionally shout uncontrollably at your foes. [potion of mutation]
  2503 | D:4      | Gained mutation: You are agile. (Dex +2) [potion of mutation]
  2503 | D:4      | Gained mutation: You are weak. (Str -2) [potion of mutation]
  2503 | D:4      | Gained mutation: You are very agile. (Dex +4) [potion of mutation]
  2669 | D:4      | Noticed Ijyb
  2676 | D:4      | Killed Ijyb
  2734 | D:4      | Noticed Grinder
  2739 | D:4      | Killed Grinder
  2739 | D:4      | Reached skill level 6 in Stealth
  2739 | D:4      | Reached XP level 8. HP: 46/54 MP: 13/13
  2762 | D:4      | Found a staircase to the Ecumenical Temple.
  2789 | D:4      | Found a sacrificial altar of Ru.
  2868 | D:4      | Found an ornate altar of the Wu Jian Council.
  2871 | D:4      | Fell from the grace of Gozag
  2871 | D:4      | Became a worshipper of the Wu Jian Council
  2968 | D:4      | You fall through a shaft for 2 floors!
  3162 | D:6      | Mangled by an orc warrior

Vault maps used:
D:1:      matt_arrival_grand_opening, okawaru_ov_weapons_minmay
D:2:      grunt_temple_overflow_cloverleaf
D:3:      minmay_roachtagon, led_xom_imps, grunt_decor_mini_mirrors,
          uniq_terence
D:4:      kennysheep_mini_moat, minmay_temple_entry_glassed_door,
          biasface_ghost_orc_armoury, nicolae_ru_awakened_eye, uniq_grinder,
          uniq_crazy_yiuf_cottage, uniq_ijyb
D:6:      kennysheep_steamy

Skill      XL: |  1  2  3  4  5  6  7  8 |
---------------+-------------------------+-----
Stealth        | 1 2 3 4 5 6 |  6.7
Dodging        | 3 4 |  4.6
Short Blades   | 3 4 |  4.5
Fighting       | 3 4 |  4.3
Spellcasting   | 3 4 |  4.0
Throwing       | |  1.0
Translocations | |  3.0

Action                   |  1- 3 |  4- 6 |  7- 9 || total
-------------------------+-------+-------+-------++-------
Melee: Short sword       |    71 |   105 |       ||   176
       Constrict         |    21 |    23 |    21 ||    65
       Tentacles         |    10 |    25 |    23 ||    58
       Dagger            |       |     5 |    84 ||    89
Invok: Potion Petition   |       |     1 |       ||     1
       Lunge             |       |       |     1 ||     1
  Use: Potion            |     6 |     1 |     1 ||     8
       Scroll            |     4 |     3 |     2 ||     9
 Stab: Sleeping          |     7 |    14 |     9 ||    30
       Distracted        |     2 |       |     1 ||     3
       Confused          |       |     1 |       ||     1
  Eat: Chunk             |       |     2 |       ||     2
       Ration            |       |     1 |     1 ||     2
Armor: Skin              |     6 |     9 |     2 ||    17
Dodge: Dodged            |    49 |    39 |    56 ||   144

Table legend:
 A = Spawn XP
 B = Non-spawn XP
 C = Spawn XP percentage of total XP
 D = Spawn monster count
 E = Non-spawn monster count
 F = Spawn count percentage of total count
 G = Total turns spent on level
                    A         B        C        D         E        F      G
               +---------+---------+-------+---------+---------+-------+---------
         Total |       0 |    1508 |   0.0 |       0 |     102 |   0.0 |  3162
               +---------+---------+-------+---------+---------+-------+---------
           D:1 |       0 |      36 |   0.0 |       0 |      19 |   0.0 |   712
           D:2 |       0 |      72 |   0.0 |       0 |      14 |   0.0 |   741
           D:3 |       0 |     511 |   0.0 |       0 |      40 |   0.0 |  1013
           D:4 |       0 |     813 |   0.0 |       0 |      26 |   0.0 |   502
           D:6 |       0 |      76 |   0.0 |       0 |       3 |   0.0 |   194
               +---------+---------+-------+---------+---------+-------+---------
